 Dungeon Crawl Stone Soup version 0.30-a0-728-gc68057be0a (webtiles) character file.

Game seed: 14119495623057463697

401 DeathSun the Cleaver (level 6, -6/51 HPs)
             Began as a Hill Orc Fighter on Jan 30, 2023.
             Was a Believer of Sif Muna.
             Mangled by a wraith (12 damage)
             ... in an ossuary.
             The game lasted 00:06:24 (2841 turns).

DeathSun the Cleaver (Hill Orc Fighter)             Turns: 2841, Time: 00:06:25

Health: -6/51      AC:  8    Str: 21    XL:     6   Next: 85%
Magic:  6/6        EV:  9    Int:  8    God:    Sif Muna [**....]
Gold:   278        SH:  4    Dex: 10    Spells: 5/5 levels left

rFire   . . .      SeeInvis .    a - +0 war axe
rCold   . . .      Faith    .    c - +0 buckler
rNeg    . . .      Spirit   .    b - +0 scale mail
rPois   .          Reflect  .    (no helmet)
rElec   .          Harm     .    (no cloak)
rCorr   .          Rampage  .    t - +0 pair of gloves
Will    .....                    (no boots) Stlth
                                 (no amulet)
HPRegen 0.28/turn                (no ring)
MPRegen 0.10/turn                (no ring)

@: mighty, slowed, very slow
A: no striking features
a: Renounce Religion, Channel Magic


You were in an ossuary.
You worshipped Sif Muna.
Sif Muna was pleased with you.
You visited 1 branch of the dungeon, and saw 4 of its levels.
You also visited: Ossuary.

You collected 278 gold pieces.

Inventory:

Hand Weapons
 a - a +0 war axe (weapon)
Missiles
 l - a poisoned dart (quivered)
Armour
 b - a +0 scale mail (worn)
 c - a +0 buckler (worn)
 t - a +0 pair of gloves (worn)
Scrolls
 e - 4 scrolls of teleportation {unknown}
 f - 2 scrolls of magic mapping {unknown}
 j - 2 scrolls of poison {unknown}
 k - a scroll of vulnerability {unknown}
 n - a scroll of identify {unknown}
 q - 2 scrolls of immolation {unknown}
 s - a scroll of blinking {unknown}
Potions
 g - 2 potions of cancellation {unknown}
 h - 2 potions of brilliance {unknown}
 i - a potion of degeneration {unknown}
 m - 2 potions of curing {unknown}
 o - a potion of mutation {unknown}
 p - a potion of heal wounds {unknown}
 r - 3 potions of flight {unknown}


   Skills:
 - Level 3.6 Fighting
 * Level 8.1 Axes
 + Level 2.8 Throwing
 - Level 3.2 Armour
 - Level 3.2 Shields


You had 5 spell levels left.
You didn't know any spells.
Your spell library contained the following spells:

 Spells                   Type           Power      Damage    Failure   Level
 Stone Arrow              Conj/Erth      0%         3d7       99%         3
 Animate Armour           Summ/Erth      0%         N/A       100%        4
 Lehudib's Crystal Spear  Conj/Erth      0%         10d2      100%        8


Dungeon Overview and Level Annotations

Branches:
Dungeon (4/15)            Ossuary (1/1)
 Temple: D:4-7

Altars:
Sif Muna
Zin


Message History

The wraith hits you. The wraith drains your vigour!
You feel yourself slow down.
You barely miss the wraith.
The wraith is moderately damaged.
The wraith hits you! The wraith barely misses you.
You hit the wraith but do no damage.
The wraith is moderately damaged.
The wraith misses you. You block the wraith's attack.
You barely miss the wraith.
The wraith is moderately damaged.
The wraith barely misses you.
You hit the wraith.
The wraith is moderately damaged.
You feel yourself speed up. The wraith hits you! The wraith drains your vigour!
You feel yourself slow down. You block the wraith's attack.
You barely miss the wraith.
The wraith is moderately damaged.
You block the wraith's attack. The wraith hits you!
* * * LOW HITPOINT WARNING * * *
You hit the wraith.
The wraith is moderately damaged.
The wraith closely misses you. The wraith hits you.
* * * LOW HITPOINT WARNING * * *
You feel very mighty all of a sudden. The wraith hits you.
* * * LOW HITPOINT WARNING * * *
You hit the wraith.
The wraith is moderately damaged.
The wraith hits you.
* * * LOW HITPOINT WARNING * * *
The wraith barely misses you.
You completely miss the wraith.
The wraith is moderately damaged.
The wraith hits you.
* * * LOW HITPOINT WARNING * * *
The wraith drains your vigour!
You feel as though you will be slow longer.
The wraith hits you!
You die...

##.. ..##
...#####...
.##...##. .
##.!!!.## . ..
#.!???..# ..
...##...?.##...
#...##.W.##...#
#...##@##...# .
#.........# ...
..#####'#####....
.................
.................
######'''########
#...#### +...'..#
#...#..#


You could see a wraith.

Vanquished Creatures
  Menkaure (D:4)
  Blork the orc (D:4)
  An orc wizard (D:3)
  A mummy (Ossuary)
  3 gnolls (D:3)
  3 adders
  An ufetubus (D:3)
  2 worms
  2 dart slugs
  6 orcs
  4 ball pythons
  8 endoplasms
  12 goblins
  7 hobgoblins
  6 jackals
  8 kobolds
  2 quokkas (D:1)
  5 bats
  4 frilled lizards
  A gnoll skeleton (Ossuary)
  A kobold skeleton (Ossuary)
  7 orc skeletons (Ossuary)
  6 rats
92 creatures vanquished.

Notes
Turn   | Place    | Note
-------+----------+-------------------------------------------
     0 | D:1      | DeathSun the Hill Orc Fighter began the quest for the Orb.
     0 | D:1      | Reached XP level 1. HP: 19/19 MP: 1/1
    44 | D:1      | Reached skill level 3 in Axes
    89 | D:1      | Reached XP level 2. HP: 26/26 MP: 2/2
   159 | D:1      | Reached skill level 4 in Axes
   273 | D:1      | Reached XP level 3. HP: 31/31 MP: 3/3
   549 | D:1      | Found a faded altar of an unknown god.
   938 | D:2      | Reached skill level 5 in Axes
  1422 | D:2      | Reached XP level 4. HP: 34/39 MP: 4/4
  1668 | D:3      | Reached skill level 1 in Throwing
  1856 | D:3      | Reached skill level 6 in Axes
  1904 | D:3      | Reached XP level 5. HP: 43/45 MP: 5/5
  2185 | D:3      | Found a glowing silver altar of Zin.
  2333 | D:1      | Prayed at the altar of an unknown god.
  2333 | D:1      | Became a worshipper of Sif Muna the Loreminder
  2333 | D:1      | Reached * piety under Sif Muna
  2566 | D:4      | Noticed Menkaure
  2574 | D:4      | Killed Menkaure
  2575 | D:4      | Reached skill level 7 in Axes
  2575 | D:4      | Reached XP level 6. HP: 20/51 MP: 6/6
  2612 | D:4      | Noticed Blork the orc
  2621 | D:4      | Found a sand-covered staircase.
  2640 | D:4      | Killed Blork the orc
  2641 | D:4      | Reached skill level 8 in Axes
  2664 | Ossuary  | Entered an ossuary
  2664 | Ossuary  | Noticed a wraith
  2664 | Ossuary  | Noticed a wraith
  2664 | Ossuary  | Noticed a wraith
  2785 | Ossuary  | Reached ** piety under Sif Muna
  2829 | Ossuary  | Noticed a wraith
  2841 | Ossuary  | Mangled by a wraith

Illustrated notes

Levels and vault maps discovered:
D:1:      mainiacjoe_arrival_reflecting_pool, layout_basic,
          shapermc_ecumenical_altar_hornbeckon
D:2:      minmay_door_path, layout_basic
D:3:      layout_basic, mainiacjoe_overflow_catwalk, corexii_hall_statues_x
D:4:      layout_layer_cave, nicolae_ossuary_entry_false_entrances,
          uniq_blork_the_orc, uniq_menkaure
Ossuary:  ossuary_due_mausoleum

Skill      XL: |  1  2  3  4  5  6 |
---------------+-------------------+-----
Axes           | 3 4 5 6 7 8 |  8.1
Throwing       | 1 2 |  2.8
Fighting       | |  3.6
Armour         | |  3.2
Shields        | |  3.2

Action                     |  1- 3 |  4- 6 || total
---------------------------+-------+-------++-------
  Melee: War axe           |   107 |   124 ||   231
  Throw: Dart              |       |     3 ||     3
    Use: Potion            |       |     2 ||     2
 Armour: Scale mail        |    39 |    59 ||    98
  Dodge: Dodged            |    60 |    60 ||   120
  Block: Buckler           |    24 |    22 ||    46

Table legend: (Time is in decaauts)
 A = Elapsed time spent in this place.
 B = Non-inter-level travel time spent in this place.
 C = Inter-level travel time spent in this place.
 D = Time resting spent in this place.
 E = Time spent auto-exploring this place.
 F = Levels seen in this place.
 G = Mean time per level.
                   A        B        C        D        E       F      G
               +--------+--------+--------+--------+--------+-----+--------+
         Total |   2929 |   2735 |    194 |      0 |   2118 |   5 |  585.8 |
       Dungeon |   2745 |   2551 |    194 |      0 |   1968 |   4 |  686.2 |
       Ossuary |    184 |    184 |      0 |      0 |    150 |   1 |  184.0 |
               +--------+--------+--------+--------+--------+-----+--------+

Top non-repeatable levels by time:
     D:2: 1028 daAuts
     D:1: 787 daAuts
     D:3: 663 daAuts
     D:4: 266 daAuts
 Ossuary: 184 daAuts
